 Dungeon Crawl Stone Soup version 0.20.1-1-g8b1a95d (webtiles) character file.

155 OneorTwo the Chopper (level 5, -6/72 HPs)
             Began as a Hill Orc Berserker on July 30, 2017.
             Was a Believer of Trog.
             Killed from afar by an electric eel (12 damage)
             ... with a bolt of electricity
             ... on level 3 of the Dungeon.
             The game lasted 00:07:31 (2969 turns).

OneorTwo the Chopper (Hill Orc Berserker)           Turns: 2969, Time: 00:07:32

Health: -6/72      AC:  6    Str: 26    XL:     5   Next: 37%
Magic:  5/5        EV: 10    Int:  7    God:    Trog [**....]
Gold:   149        SH:  0    Dex: 10    Spells: 4/4 levels left

rFire    . . .     SeeInvis .   m - +2 whip (elec)
rCold    . . .     Gourm    .   (no shield)
rNeg     . . .     Faith    .   l - +0 scale mail
rPois    .         Spirit   .   (no helmet)
rElec    .         Reflect  .   (no cloak)
rCorr    .         Harm     .   (no gloves)
MR       +++..                  (no boots)
Stlth    ..........             (no amulet)
Regen    1.3/turn               p - ring of protection from magic
MPRegen  0.1/turn               (no ring)

@: berserking (expiring), regenerating, very quick
A: no striking features
a: Berserk, Trog's Hand, Burn Spellbooks, Renounce Religion


You were on level 3 of the Dungeon.
You worshipped Trog.
Trog was pleased with you.
You were not hungry.

You visited 1 branch of the dungeon, and saw 3 of its levels.

You collected 149 gold pieces.

Inventory:

Hand Weapons
 a - a +0 hand axe
 m - a +2 whip of electrocution (weapon)
Missiles
 g - 150 stones (quivered)
Armour
 b - a +0 animal skin
 l - a +0 scale mail (worn)
Jewellery
 p - a ring of protection from magic (left hand)
Wands
 u - a wand of flame (19/48)
Scrolls
 e - a scroll of identify {unknown}
 h - 2 scrolls of teleportation {unknown}
 k - a scroll of amnesia {unknown}
 n - a scroll of enchant weapon {unknown}
 q - a scroll of blinking {unknown}
 t - a scroll of immolation {unknown}
Potions
 d - a potion of haste {unknown}
 i - 2 potions of might {unknown}
 o - a potion of curing {unknown}
 r - a potion of resistance {unknown}
 s - a potion of degeneration {unknown}
Comestibles
 c - 2 bread rations


   Skills:
 + Level 5.2 Fighting
 * Level 6.3 Axes
 - Level 2.2 Armour
 - Level 1.7 Dodging
 - Level 0.1 Stealth


You had 4 spell levels left.
You didn't know any spells.

Dungeon Overview and Level Annotations

Branches:
Dungeon (3/15)

Altars:
Ashenzari

Annotations:
D:3 1 transporter


Message History

There is an open door here.
The electric eel shoots out a bolt of lightning at you!
The bolt of electricity hits you!
You completely miss the electric eel. You miss the electric eel.
The electric eel shoots out a bolt of lightning at you!
The bolt of electricity hits you! x2
* * * LOW HITPOINT WARNING * * *
You closely miss the electric eel. You whack the electric eel!
The electric eel is heavily wounded.
You whack the electric eel!
You kill the electric eel!
Trog accepts your kill.
Your Axes skill increases to level 6!
The electric eel shoots out a bolt of lightning at you!
The bolt of electricity hits you!
* * * LOW HITPOINT WARNING * * *
The bolt of electricity hits you!
You die...

##...####.####.###
.....+............
.....#...........#
#....©....#
#.#######.#
#[#8...8#.#
#.#P...P#.#
#.###'###.#
#.#≈..@≈#.#
#.#≈...;#.#
#.#≈≈≈≈≈#.#
#.#≈≈♣≈≈#.#
#.#≈≈P≈≈#.#
#.#≈≈≈≈≈#.#
#.#≈≈≈≈≈#.#
#.###+###.#
#.#P.[.P#.#


You could see an electric eel.

Vanquished Creatures
  An electric eel (D:3)
  4 adders
  3 worms (D:2)
  4 dart slugs
  2 leopard geckos
  2 giant cockroaches
  7 hobgoblins
  3 jackals (D:2)
  3 quokkas (D:2)
  A ball python (D:2)
  4 bats
  5 frilled lizards (D:1)
  11 goblins
  5 kobolds
  8 rats
63 creatures vanquished.

Notes
Turn   | Place    | Note
-------+----------+-------------------------------------------
     0 | D:1      | OneorTwo the Hill Orc Berserker began the quest for the Orb.
     0 | D:1      | Reached XP level 1. HP: 19/19 MP: 1/1
   203 | D:1      | Reached XP level 2. HP: 14/27 MP: 2/2
   706 | D:1      | Reached XP level 3. HP: 32/33 MP: 3/3
  1304 | D:1      | Reached ** piety under Trog
  1496 | D:2      | Reached skill level 5 in Axes
  1525 | D:2      | Reached XP level 4. HP: 37/41 MP: 4/4
  1551 | D:2      | Found a shattered altar of Ashenzari.
  1562 | D:2      | Found a faded altar of an unknown god.
  2097 | D:2      | Reached skill level 5 in Fighting
  2497 | D:3      | Found a transporter.
  2502 | D:3      | Reached XP level 5. HP: 48/48 MP: 5/5
  2546 | D:3      | Found a transporter.
  2969 | D:3      | Reached skill level 6 in Axes
  2969 | D:3      | Killed from afar by an electric eel

Skill      XL: |  1  2  3  4  5 |
---------------+----------------+-----
Fighting       | 4 5 |  5.2
Axes           | 5 6 |  6.3
Armour         | |  2.2
Dodging        | |  1.7
Stealth        | |  0.1

Action                   |  1- 3 |  4- 6 || total
-------------------------+-------+-------++-------
Melee: Hand axe          |   107 |       ||   107
       Whip              |    12 |    73 ||    85
Invok: Trog's Hand       |       |     3 ||     3
       Berserk           |       |     2 ||     2
  Eat: Chunk             |     2 |     2 ||     4
       Meat ration       |       |     1 ||     1
       Royal jelly       |       |     1 ||     1
Armor: Animal skin       |    10 |       ||    10
       Scale mail        |    14 |    28 ||    42
Dodge: Dodged            |    66 |    45 ||   111
